 Dungeon Crawl Stone Soup version 0.19-a0-1899-g2d93087 (webtiles) character file.

57 dobroeutro the Shooter (level 3, 0/31 HPs)
             Began as a Centaur Hunter on Oct 20, 2016.
             Succumbed to an adder's poison
             ... on level 3 of the Dungeon.
             The game lasted 00:01:37 (1590 turns).

dobroeutro the Shooter (Centaur Hunter)             Turns: 1590, Time: 00:01:38

Health: 0/31       AC:  4    Str: 14    XL:     3   Next: 73%
Magic:  3/3        EV:  9    Int: 10    God:
Gold:   128        SH:  0    Dex: 10    Spells: 0 memorised, 2 levels left

rFire  . . .     SeeInvis .     a - +1 shortbow
rCold  . . .     Gourm    .     c - +0 leather armour
rNeg   . . .     Faith    .     (shield currently unavailable)
rPois  .         Spirit   .     (no helmet)
rElec  .         Reflect  .     (no cloak)
rCorr  .         Harm     .     (no gloves)
MR     .....                    (no barding)
Stlth  +.........               (no amulet)
                                (no ring)
                                (no ring)

@: lethally poisoned (0 -> -16), hasted, very quick
A: hooves 3, deformed body, speed 2, tough skin 3
a: no special abilities


You were on level 3 of the Dungeon.
You were hungry.

You visited 1 branch of the dungeon, and saw 3 of its levels.

You collected 128 gold pieces.

Inventory:

Hand Weapons
 a - a +1 shortbow (weapon)
 b - a +0 short sword
Missiles
 d - 28 arrows (quivered)
Armour
 c - a +0 leather armour (worn)
Scrolls
 e - 2 scrolls of magic mapping {unknown}
 i - 3 scrolls of identify {unknown}
 m - a scroll of enchant armour {unknown}
Potions
 h - 2 potions of haste
 j - 3 potions of curing {unknown}
 k - a potion of mutation {unknown}
 n - a potion of magic {unknown}
 o - a potion of heal wounds {unknown}
Comestibles
 f - a bread ration
 g - a royal jelly
 l - 2 beef jerkies
 p - a meat ration


   Skills:
 + Level 3.1 Fighting
 + Level 6.4 Bows
 - Level 1.3 Dodging
 - Level 0.4 Stealth


You had 2 spell levels left.
You didn't know any spells.

Dungeon Overview and Level Annotations

Branches:
Dungeon (3/15)

Altars:
Ashenzari
Dithmenos
Hepliaklqana
Kikubaaqudgha
Uskayaw


Innate Abilities, Weirdness & Mutations

You have hooves in place of feet.
Armour fits poorly on your strangely shaped body.
You cover ground very quickly.
You have extremely tough skin. (AC +3)


Message History

You feel sick. The adder bites you but does no damage.
Firing (i - inventory):
d - 30 arrows (quivered)
Press: ? - help, Shift-Dir - straight line, f/p - adder
Aim: an adder (almost dead)
You shoot an arrow.
The arrow hits the adder but does no damage.
The adder is almost dead.
* * * LOW HITPOINT WARNING * * *
You feel sick. The adder barely misses you. The adder bites you.
* * * LOW HITPOINT WARNING * * *
You are more poisoned.
The adder poisons you!
Firing (i - inventory):
d - 29 arrows (quivered)
Press: ? - help, Shift-Dir - straight line, f/p - adder
Aim: an adder (almost dead)
You shoot an arrow. The arrow closely misses the adder.
* * * LOW HITPOINT WARNING * * *
You feel sick. The adder closely misses you.
It was a potion of haste.
You feel yourself speed up.
You die...

###. .# .... .# ##..
##.### .....# .....#
##### .....#
....###############.....#
###.>...........@S(....(#
#################..$..#
.....# .....# .....#
.....# ######


You could see an adder.

Vanquished Creatures
  An adder (D:3)
  2 dart slugs
  A leopard gecko (D:3)
  A giant cockroach (D:3)
  7 hobgoblins
  2 quokkas (D:2)
  2 ball pythons
  4 bats (D:1)
  6 frilled lizards
  4 goblins
  7 kobolds
  6 rats
43 creatures vanquished.

Notes
Turn   | Place    | Note
-------+----------+-------------------------------------------
     0 | D:1      | dobroeutro the Centaur Hunter began the quest for the Orb.
     0 | D:1      | Reached XP level 1. HP: 17/17 MP: 1/1
   227 | D:1      | Reached XP level 2. HP: 25/25 MP: 2/2
   832 | D:2      | Found a faded altar of an unknown god.
   850 | D:2      | Reached skill level 6 in Bows
   897 | D:2      | Found a shattered altar of Ashenzari.
   899 | D:2      | Found a hide-covered altar of Uskayaw.
   902 | D:2      | Found an ancient bone altar of Kikubaaqudgha.
   903 | D:2      | Reached XP level 3. HP: 21/30 MP: 3/3
   975 | D:2      | Found a hazy altar of Hepliaklqana.
   975 | D:2      | Found a shadowy altar of Dithmenos.
  1589 | D:3      | HP: 1/31 [poisoned by an adder]
  1590 | D:3      | Succumbed to an adder's poison

Vault maps used:
D:1:      minmay_arrival_semitransparent
D:2:      minitemple, minmay_overflow_temple_star_quad, ecumenical_altar_1
D:3:      yredelemnul_altar_generic, chequers_temple_overflow_minitemple

Skill      XL: |  1  2  3 |
---------------+----------+-----
Bows           | 6 |  6.4
Fighting       | 3 |  3.1
Dodging        | |  1.3
Stealth        | |  0.4

Action                   || total
-------------------------++-------
Melee: Short sword       ||    97
       Kick              ||    17
 Fire: Shortbow          ||    25
  Use: Potion            ||     1
Armor: Leather armour    ||    35
Dodge: Dodged            ||    46
